 Seeded DCSS version 0.31-a0-145-g046c7d2549 (webtiles) character file.

Game seed: 3 (custom seed)

384 Danienth the Firebug (level 6, -3/38 HPs)
             Began as a Demonspawn Fire Elementalist on June 6, 2023.
             Was a Priest of Hepliaklqana.
             Slain by Pikel
             ... wielding a +1 whip of flaming
              (4 damage)
             ... on level 4 of the Dungeon.
             The game lasted 00:22:53 (4040 turns).

Danienth the Firebug (Demonspawn Fire Elementalist) Turns: 4040, Time: 00:22:53

Health: -3/38      AC:  5    Str: 10    XL:     6   Next: 47%
Magic:  4/20       EV: 12    Int: 16    God:    Hepliaklqana [***...]
Gold:   156        SH:  0    Dex: 14    Spells: 4/12 levels left

rFire   . . .        h - +0 dagger
rCold   + . .        (no shield)
rNeg    . . .        a - +0 robe
rPois   .            (helmet restricted)
rElec   .            n - +2 cloak
rCorr   .            (no gloves)
SInv    .            (no boots)
Will    .....        r - amulet of regeneration
Stlth   ++           q - ring of protection from cold
HPRegen 1.06/turn    d - ring of magical power
MPRegen 0.17/turn

%: no passive effects
@: hasted, very quick
A: reduced essence, antennae 1, sturdy frame 1
a: Renounce Religion, Recall Ancestor, Ancestor Identity, Transference


You were on level 4 of the Dungeon.
You worshipped Hepliaklqana.
Hepliaklqana was most pleased with you.
You visited 1 branch of the dungeon, and saw 4 of its levels.

You collected 156 gold pieces.

Inventory:

Hand Weapons
 h - a +0 dagger (weapon)
Missiles
 m - 7 poisoned darts
Armour
 a - a +0 robe (worn)
 b - a +0 leather armour
 c - an orb of guile
 g - a +0 helmet
 l - a +1 cloak
 n - a +2 cloak (worn)
Jewellery
 d - a ring of magical power (right hand)
 q - a ring of protection from cold (left hand)
 r - an amulet of regeneration (around neck)
Scrolls
 p - a scroll of brand weapon {unknown}
Potions
 i - 4 potions of curing {unknown}
 j - a potion of attraction {unknown}
 k - 3 potions of haste
 o - a potion of enlightenment {unknown}


   Skills:
 + Level 1.0 Fighting
 + Level 1.6 Short Blades
 + Level 2.4 Dodging
 + Level 2.3 Stealth
 + Level 3.5 Spellcasting
 + Level 2.4 Conjurations
 * Level 1.1 Translocations
 + Level 4.1 Fire Magic


You had 4 spell levels left.
You knew the following spells:

 Your Spells              Type           Power      Damage    Failure   Level
a - Foxfire               Conj/Fire      52%        2x1d6     4%          1
b - Scorch                Fire           32%        2d6       4%          2
c - Blink                 Tloc           12%        N/A       17%         2
d - Inner Flame           Hex/Fire       9%         N/A       22%         3

Your spell library contained the following spells:

 Spells                   Type           Power      Damage    Failure   Level
 Momentum Strike          Conj/Tloc      16%        3d8       13%         2
 Lesser Beckoning         Tloc           12%        N/A       17%         2
 Volatile Blastmotes      Fire/Tloc      22%        2d11      19%         3
 Ensorcelled Hibernation  Hex/Ice        4%         N/A       26%         2
 Dazzling Flash           Conj/Hex       12%        N/A       32%         3
 Flame Wave               Conj/Fire      13%        2d6       41%         4
 Spider Form              Tmut/Pois      2%         N/A       47%         3
 Anguish                  Hex/Necr       1%         N/A       87%         4
 Agony                    Necr           2%         N/A       99%         5
 Silence                  Hex/Air        1%         N/A       99%         5


Dungeon Overview and Level Annotations

Branches:
Dungeon (4/15)
 Temple: D:4-7

Altars:
Hepliaklqana

Annotations:
D:4 Pikel


Innate Abilities, Weirdness & Mutations

Your life essence is reduced to manifest your ancestor. (-10% HP)
You have a pair of small antennae on your head.
Your movements are slightly less encumbered by armour. (ER -2)


Message History

The lemure hits you!
Casting: Scorch (safe; 4% risk of failure)
Confirm with . or Enter, or press ? or * to list all spells.
Flames lash Pikel.
Pikel is lightly wounded.
Pikel's fire resistance burns away.
The lemure is no longer more vulnerable to fire. x2
Kaya misses the lemure.
Kaya blocks the lemure's attack.
The lemure hits you.
* * * LOW HITPOINT WARNING * * *
The lemure closely misses you.
You feel much better. The lemure hits you.
The lemure barely misses Kaya.
The lemure hits you. The lemure barely misses you.
Kaya misses the lemure.
You feel yourself speed up.
Pikel is no longer more vulnerable to fire.
Kaya blocks the lemure's attack.
The lemure hits you. The lemure barely misses you. The lemure hits you.
Okay, then.
Okay, then.
Casting: Scorch (safe; 4% risk of failure)
Confirm with . or Enter, or press ? or * to list all spells.
Flames lash the lemure.
The lemure is moderately wounded.
The lemure's fire resistance burns away.
Kaya hits the lemure with a +0 flail.
Kaya blocks the lemure's attack.
The lemure closely misses you. The lemure completely misses you.
The lemure hits you!
* * * LOW HITPOINT WARNING * * *
Pikel hits you with a +1 whip of flaming.
* * * LOW HITPOINT WARNING * * *
Pikel burns you.
* * * LOW HITPOINT WARNING * * *
As you read the scroll labelled TAKOUSSAJA, it crumbles to dust.
You feel aware of your surroundings.
You sensed 1 altar.
It was a scroll of magic mapping.
The lemure hits Kaya but does no damage.
The lemure hits you but does no damage. The lemure hits you.
* * * LOW HITPOINT WARNING * * *
The lemure barely misses you.
Pikel hits you with a +1 whip of flaming.
You die...

#.......'.............#.
#.......#.............#.
#.......#......###'#####
###.....#########....### #.....#
#....'.. #.....# #..[.#.. #.....#
#....#.. #...K.# #....#..
******** #...5@#*******##...###
,,,,,,,* #...55.......,,#...###
,,,,,,,* #...R........,,#......
,,,,,,,****#..5.........,,#......
,,,,,,,,,,..............,,#......
,,,,,,,,,...............,,#..####
,,,,,,,,,...............**#####.#
,,,,,,,,,...............* #...
,,,,,,,,,,,,,,,,,,,,,,,,* #...


You could see the friendly Kaya the knight, Pikel and 4 lemures.

Vanquished Creatures
  Blork the orc (D:4)
  A scorpion (D:4)
  An orc priest (D:3)
  An orc wizard (D:4)
  6 gnolls
  2 adders (D:2)
  A dart slug (D:2)
  5 orcs
  11 bats
  3 endoplasms
  3 giant cockroaches
  5 goblins
  4 hobgoblins
  3 jackals
  A quokka (D:2)
  7 ball pythons
  2 frilled lizards (D:1)
  6 kobolds
  5 rats
68 creatures vanquished.

Vanquished Creatures (collateral kills)
  An orc wizard (D:3)
  A gnoll (D:4)
  An adder (D:3)
  A dart slug (D:2)
  2 orcs (D:3)
  An endoplasm (D:1)
  2 giant cockroaches
  A hobgoblin (D:3)
  2 jackals
  2 quokkas (D:2)
  3 ball pythons
  A bat (D:2)
  2 kobolds
  2 rats
22 creatures vanquished.

Vanquished Creatures (others)
  An ancestor (D:2)
  121 foxfires
122 creatures vanquished.

Grand Total: 212 creatures vanquished

Notes
Turn   | Place    | Note
-------+----------+-------------------------------------------
     0 | D:1      | Danienth the Demonspawn Fire Elementalist began the quest
                  | for the Orb.
     0 | D:1      | Reached XP level 1. HP: 13/13 MP: 3/3
   170 | D:1      | Reached skill level 3 in Fire Magic
   172 | D:1      | Gained mutation: Your movements are slightly less
                  | encumbered by armour. (ER -2) [demonic ancestry]
   172 | D:1      | Reached XP level 2. HP: 12/19 MP: 0/5
   312 | D:1      | Learned a level 2 spell: Scorch
   315 | D:1      | Learned a level 2 spell: Blink
   539 | D:1      | Found a faded altar of an unknown god.
   544 | D:1      | Prayed at the altar of an unknown god.
   544 | D:1      | Became a worshipper of Hepliaklqana the Forgotten
   544 | D:1      | Reached * piety under Hepliaklqana
  1261 | D:2      | Reached XP level 3. HP: 21/21 MP: 2/6
  1646 | D:2      | Gained mutation: You have a pair of small antennae on your
                  | head. [demonic ancestry]
  1646 | D:2      | Reached XP level 4. HP: 27/27 MP: 7/7
  1977 | D:2      | Reached skill level 1 in Short Blades
  2204 | D:3      | Reached ** piety under Hepliaklqana
  2205 | D:3      | Remembered your ancestor Kaya as a knight
  2282 | D:3      | Learned a level 3 spell: Inner Flame
  2520 | D:3      | Reached XP level 5. HP: 32/32 MP: 1/9
  3468 | D:4      | Reached *** piety under Hepliaklqana
  3563 | D:4      | Reached XP level 6. HP: 27/37 MP: 10/10
  3681 | D:4      | Reached skill level 4 in Fire Magic
  3682 | D:4      | Reached skill level 1 in Fighting
  3786 | D:4      | Noticed Blork the orc
  3796 | D:4      | Killed Blork the orc
  3797 | D:4      | Reached skill level 1 in Translocations
  4028 | D:4      | Noticed Pikel
  4040 | D:4      | HP: 1/38 [lemure[Pikel] (3)]
  4040 | D:4      | Slain by Pikel

Illustrated notes

Levels and vault maps discovered:
D:1:      beargit_arrival_greenhouse, layout_loops_ring,
          nicolae_ecumenical_lake_church, grunt_decor_mini_mirrors,
          minmay_split_cup_small
D:2:      layout_loops_ring, serial_bayou_lake_a
D:3:      layout_basic, minmay_surrounded
D:4:      layout_gridville, nemelex_xobeh_ov_fountains_minmay,
          nicolae_goblin_pals, uniq_pikel, uniq_blork_the_orc, uniq_ijyb

Skill      XL: |  1  2  3  4  5  6 |
---------------+-------------------+-----
Fire Magic     | 3 4 |  4.1
Conjurations   | 2 |  2.4
Dodging        | 2 |  2.4
Short Blades   | 1 |  1.6
Stealth        | 2 |  2.3
Spellcasting   | 3 |  3.5
Fighting       | 1 |  1.0
Translocations | 1 |  1.1

Action                     |  1- 3 |  4- 6 || total
---------------------------+-------+-------++-------
  Melee: Unarmed           |    12 |       ||    12
         Dagger            |    62 |    70 ||   132
   Cast: Foxfire           |    46 |    29 ||    75
         Scorch            |       |    27 ||    27
         Blink             |       |     1 ||     1
 Invoke: Ancestor Life: Kn |       |     1 ||     1
         Ancestor Identity |       |     1 ||     1
    Use: Scroll            |       |     7 ||     7
         Potion            |       |     3 ||     3
   Stab: Sleeping          |     2 |     4 ||     6
 Armour: Robe              |    35 |     2 ||    37
         Leather armour    |       |    25 ||    25
  Dodge: Dodged            |    58 |    71 ||   129

Table legend: (Time is in decaauts)
 A = Elapsed time spent in this place.
 B = Non-inter-level travel time spent in this place.
 C = Inter-level travel time spent in this place.
 D = Time resting spent in this place.
 E = Time spent auto-exploring this place.
 F = Levels seen in this place.
 G = Mean time per level.
                   A        B        C        D        E       F      G
               +--------+--------+--------+--------+--------+-----+--------+
         Total |   4065 |   3958 |    107 |    275 |   3032 |   4 | 1016.2 |
       Dungeon |   4065 |   3958 |    107 |    275 |   3032 |   4 | 1016.2 |
               +--------+--------+--------+--------+--------+-----+--------+

Top non-repeatable levels by time:
     D:3: 1186 daAuts
     D:1: 1182 daAuts
     D:2: 1050 daAuts
     D:4: 646 daAuts
